 Dungeon Crawl Stone Soup version 0.32-a0-799-g95e1662365 (webtiles) character file.

Game seed: 17289200102630624166

60 dialectric the Changeling (level 3, -4/35 HPs)
             Began as a Troll Shapeshifter on Mar 20, 2024.
             Was a Follower of Qazlal.
             Slain by a goblin
             ... wielding a +0 club
             ... led by Robin
              (6 damage)
             ... on level 2 of the Dungeon on Mar 21, 2024.
             The game lasted 00:01:30 (676 turns).

dialectric the Changeling (Troll Shapeshifter)       Turns: 676, Time: 00:01:31

Health: -4/35      AC:  4    Str: 24    XL:     3   Next: 80%
Magic:  2/2        EV:  9    Int:  6    God:    Qazlal [*.....]
Gold:   49         SH:  2    Dex:  9    Spells: 2/2 levels left

rFire   . .          .
                       - Unarmed
rCold   . . .        (no shield)
rNeg    . . .        a - +0 animal skin
rPois   .            (helmet currently unavailable)
rElec   .            (cloak currently unavailable)
rCorr   .            (gloves unavailable)
SInv    .            (boots unavailable)
Will    .....        (no amulet)
Stlth   +            (no ring)
HPRegen 1.05/turn    (no ring)
MPRegen 0.08/turn

%: no passive effects
@: lethally poisoned (-4 -> -8), beast-form
A: beast (slay +1), large, unfitting armour, claws 3, regeneration 1, shaggy fur
1, tough skin 1
a: Begin Untransformation, Renounce Religion


You were on level 2 of the Dungeon.
You worshipped Qazlal.
Qazlal was aware of your devotion.
You were a hulking beast.
You visited 1 branch of the dungeon, and saw 2 of its levels.

You collected 66 gold pieces.
You spent 17 gold pieces at shops.

Inventory:

Missiles
 k - 5 poisoned darts (quivered)
Armour
 a - a +0 animal skin (worn)
 h - a scarf of shadows
Talismans
 c - a beast talisman (active)
 d - a flux talisman
Scrolls
 e - 2 scrolls of amnesia {unknown}
 f - a scroll of vulnerability {unknown}
 g - a scroll of fog {unknown}
 j - a scroll of enchant weapon {unknown}
 l - a scroll of identify {unknown}
Potions
 b - a potion of lignification


   Skills:
 * Level 1.9 Fighting
 + Level 2.2 Dodging
 - Level 3.2 Unarmed Combat
 + Level 3.4 Shapeshifting


You had 2 spell levels left.
You didn't know any spells.
Your spell library contained the following spells:

 Spells                   Type           Power      Damage    Failure   Level
 Haunt                    Necr/Summ      0%         N/A       100%        7
 Borgnjor's Revivificati  Necr           0%         N/A       100%        8
 Death's Door             Necr           0%         N/A       100%        9


Dungeon Overview and Level Annotations

Branches:
Dungeon (2/15)

Altars:
Qazlal

Shops:
D:1 *

Annotations:
D:2 Robin


Innate Abilities, Weirdness & Mutations

You are a hulking beast.
Your limbs bulge with bestial killing power. (Slay +1)
You are too large for most types of armour.
You have claws for hands.
Your natural rate of healing is unusually fast.
You are covered in fur. (AC +1)
You have tough skin. (AC +1)


Message History

You kill the goblin!
Qazlal accepts your kill.
You scratch Robin.
Robin is lightly wounded.
Robin hits you with a +3 whip of venom.
You claw Robin!
Robin is heavily wounded.
Robin hits you with a +3 whip of venom.
You closely miss Robin.
Robin is heavily wounded.
Robin hits you with a +3 whip of venom!
You are poisoned.
You completely miss Robin. Your claw misses Robin.
Robin is heavily wounded.
You feel very sick. Robin hits you with a +3 whip of venom.
You are more poisoned.
You barely miss Robin.
Robin is heavily wounded.
You feel very sick. Robin throws the goblin at you!
The goblin barely misses you.
You scratch Robin.
Robin is almost dead.
You feel very sick.
You scratch Robin.
Robin is almost dead.
You feel sick. The goblin misses you. Robin hits you with a +3 whip of venom.
You are more poisoned.
You barely miss Robin.
Robin is almost dead.
* * * LOW HITPOINT WARNING * * *
You feel very sick. The goblin hits you with a +0 club.
* * * LOW HITPOINT WARNING * * *
Robin closely misses you.
It was a potion of magic.
Magic courses through your body.
* * * LOW HITPOINT WARNING * * *
You feel very sick. The goblin hits you with a +0 club.
You die...

#.# #.# #.# #g# ##
#.# #g# #:# #.# #.#
#.# #.# #.##.#
#.#.### #.#.####
#.#...# #ggg...#
###.###.# ###g####
#.....#.# ##h##
###.#.#.#.#######g##
................##.#
.##.#.#.#.#####.####
.##.....#.#
.####.###.# #.#
.####.###.### #.#
............# #.#
.####.....#.# #.#


You could see Robin, a hobgoblin (strong) and 3 goblins.

Vanquished Creatures
  An adder (D:2)
  A dart slug (D:2)
  4 bats
  4 endoplasms
  3 giant cockroaches
  6 goblins
  5 hobgoblins
  4 jackals (D:1)
  2 quokkas
  5 ball pythons
  2 frilled lizards (D:1)
  3 kobolds (D:1)
  3 rats
43 creatures vanquished.

Notes
Turn   | Place    | Note
-------+----------+-------------------------------------------
     0 | D:1      | dialectric the Troll Shapeshifter began the quest for the
                  | Orb.
     0 | D:1      | Reached XP level 1. HP: 18/18 MP: 0/0
     4 | D:1      | Upgraded the game from 0.32-a0-791-gfc315c9ecd to
                  | 0.32-a0-799-g95e1662365
    19 | D:1      | Reached skill level 1 in Fighting
    43 | D:1      | Reached XP level 2. HP: 27/27 MP: 1/1
   392 | D:1      | Found Giosoi's Assorted Antiques.
   401 | D:1      | Bought a fizzy emerald potion for 17 gold pieces
   464 | D:2      | Reached XP level 3. HP: 33/33 MP: 2/2
   474 | D:2      | Found a faded altar of an unknown god.
   503 | D:2      | Prayed at the altar of an unknown god.
   503 | D:2      | Became a worshipper of Qazlal Stormbringer
   503 | D:2      | Reached * piety under Qazlal
   632 | D:2      | Noticed Robin
   676 | D:2      | Slain by a goblin

Illustrated notes

Levels and vault maps discovered:
D:1:      psy_arrival_dodecagon, layout_rooms, serial_shops,
          nicolae_shop_tiny_waterfront
D:2:      minmay_recursive_quarters, layout_loops_ring,
          nicolae_ecumenical_snake_handling, due_unseen_surprise, uniq_robin

Skill      XL: |  1  2 |
---------------+-------+-----
Fighting       | 1 |  1.9
Dodging        | 2 |  2.2
Unarmed Combat | |  3.2
Shapeshifting  | |  3.4

Action                     || total
---------------------------++-------
  Melee: Unarmed           ||   103
         Punch             ||     1
    Use: Potion            ||     1
 Armour: Animal skin       ||    89
  Dodge: Dodged            ||    52
  Block: Other             ||     1

Table legend: (Time is in decaauts)
 A = Elapsed time spent in this place.
 B = Non-inter-level travel time spent in this place.
 C = Inter-level travel time spent in this place.
 D = Time resting spent in this place.
 E = Time spent auto-exploring this place.
 F = Levels seen in this place.
 G = Mean time per level.
                   A        B        C        D        E       F      G
               +--------+--------+--------+--------+--------+-----+--------+
         Total |    669 |    663 |      6 |      0 |    401 |   2 |  334.5 |
       Dungeon |    669 |    663 |      6 |      0 |    401 |   2 |  334.5 |
               +--------+--------+--------+--------+--------+-----+--------+

Top non-repeatable levels by time:
     D:1: 457 daAuts
     D:2: 212 daAuts
